| TOP OF THE 1ST |
|
Scranton WB RailRiders batting - Pitching for Nashville Sounds : RHP Victor Sanchez
|
|
Pitching: RHP Victor Sanchez
|
|
|
Batting: SHB Jay Gagnon
|
0-0: Called Strike 0-1: Foul Ball, location: 2F 0-2: Ground out 4-3 (Groundball, 34, EV 98.1 MPH)
|
|
Batting: RHB Andy Wasierski
|
0-0: Ball 1-0: Ball 2-0: Ball 3-0: Called Strike 3-1: Called Strike 3-2: Foul Ball, location: 2F 3-2: Base on Balls
|
|
Batting: SHB Victor Ruiz
|
0-0: Ball 1-0: Ball Andy Wasierski steals 2nd base 2-0: Ball 3-0: Base on Balls
|
|
Batting: SHB Ryan Buchbinder
|
0-0: Fielders Choice at 2nd, 6-4 (Groundball, 6, EV 105.6 MPH) Andy Wasierski to third
|
|
Batting: LHB Aaron Joyner
|
0-0: Ball 1-0: Called Strike 1-1: Fly out, F8 (Flyball, 8LXD, EV 91.9 MPH)
|
| Top of the 1st over - 0 runs, 0 hits, 0 errors, 2 left on base; Scranton WB 0 - Nashville 0 |
| BOTTOM OF THE 1ST |
|
Nashville Sounds batting - Pitching for Scranton WB RailRiders : RHP Jason Sterner
|
|
Pitching: RHP Jason Sterner
|
|
|
Batting: SHB Robert Santiago
|
0-0: Ball 1-0: Ball 2-0: Swinging Strike 2-1: Called Strike 2-2: Strikes out swinging
|
|
Batting: LHB Tomas Segarra
|
0-0: Swinging Strike 0-1: Fly out, F5 (Line Drive, 5, EV 66.2 MPH)
|
|
Batting: RHB Tim Cordle
|
0-0: Called Strike 0-1: Ball 1-1: Ball 2-1: Ground out 4-3 (Groundball, 34, EV 97.5 MPH)
|
| Bottom of the 1st over - 0 runs, 0 hits, 0 errors, 0 left on base; Scranton WB 0 - Nashville 0 |
| TOP OF THE 2ND |
|
Scranton WB RailRiders batting - Pitching for Nashville Sounds : RHP Victor Sanchez
|
|
Batting: LHB Jose Lebron
|
0-0: Called Strike 0-1: Called Strike 0-2: Strikes out swinging
|
|
Batting: SHB Jose Vargas
|
0-0: Ground out U3 (Groundball, 34, EV 81.9 MPH)
|
|
Batting: RHB Alfredo Rodriguez
|
0-0: Ground out 6-3 (Groundball, 6, EV 79.4 MPH)
|
| Top of the 2nd over - 0 runs, 0 hits, 0 errors, 0 left on base; Scranton WB 0 - Nashville 0 |
| BOTTOM OF THE 2ND |
|
Nashville Sounds batting - Pitching for Scranton WB RailRiders : RHP Jason Sterner
|
|
Batting: RHB David Herrera
|
0-0: Ball 1-0: Called Strike 1-1: Swinging Strike 1-2: Strikes out swinging
|
|
Batting: LHB Gregg Power
|
0-0: Called Strike 0-1: Ball 1-1: Ball 2-1: Foul Ball, location: 2F 2-2: Ball 3-2: Ground out 4-3 (Groundball, 3D, EV 85.0 MPH)
|
|
Batting: LHB Al Hernandez
|
0-0: Called Strike 0-1: Fly out, F7 (Flyball, 7, EV 90.0 MPH)
|
| Bottom of the 2nd over - 0 runs, 0 hits, 0 errors, 0 left on base; Scranton WB 0 - Nashville 0 |
| TOP OF THE 3RD |
|
Scranton WB RailRiders batting - Pitching for Nashville Sounds : RHP Victor Sanchez
|
|
Batting: RHB Josh Zoglmann
|
0-0: Ball 1-0: Called Strike 1-1: Swinging Strike 1-2: Ball 2-2: Foul Ball, location: 2F 2-2: Strikes out swinging
|
|
Batting: SHB Jay Gagnon
|
0-0: Foul Ball, location: 2F 0-1: Swinging Strike 0-2: Ball 1-2: Ground out 6-3 (Groundball, 6, EV 78.8 MPH)
|
|
Batting: RHB Andy Wasierski
|
0-0: Swinging Strike 0-1: Ball 1-1: Ball 2-1: Foul Ball, location: 2F 2-2: Ball 3-2: Strikes out swinging
|
| Top of the 3rd over - 0 runs, 0 hits, 0 errors, 0 left on base; Scranton WB 0 - Nashville 0 |
| BOTTOM OF THE 3RD |
|
Nashville Sounds batting - Pitching for Scranton WB RailRiders : RHP Jason Sterner
|
|
Batting: RHB Wade Diamond
|
0-0: Ball 1-0: Ground out 6-3 (Groundball, 6, EV 86.9 MPH)
|
|
Batting: RHB Yonetoshi Muranaka
|
0-0: Ball 1-0: Called Strike 1-1: Ball 2-1: SINGLE (Groundball, 4M, EV 110.0 MPH) (infield hit)
|
|
Batting: RHB Tony Crespo
|
0-0: Ball 1-0: Called Strike 1-1: Called Strike 1-2: Fielders Choice at 2nd, 4-6 (Groundball, 13, EV 87.5 MPH)
|
|
Batting: SHB Robert Santiago
|
0-0: Ball 1-0: Ball 2-0: Ball 3-0: Fielders Choice at 2nd, 6-4 (Groundball, 6, EV 109.4 MPH)
|
| Bottom of the 3rd over - 0 runs, 1 hit, 0 errors, 1 left on base; Scranton WB 0 - Nashville 0 |
| TOP OF THE 4TH |
|
Scranton WB RailRiders batting - Pitching for Nashville Sounds : RHP Victor Sanchez
|
|
Batting: SHB Victor Ruiz
|
0-0: Called Strike 0-1: Called Strike 0-2: Strikes out swinging
|
|
Batting: SHB Ryan Buchbinder
|
0-0: Ball 1-0: Called Strike 1-1: Fly out, F9 (Line Drive, 9LM, EV 86.2 MPH)
|
|
Batting: LHB Aaron Joyner
|
0-0: Ball 1-0: Ball 2-0: Foul Ball, location: 2F 2-1: Foul Ball, location: 2F 2-2: Ball 3-2: Fly out, F8 (Line Drive, 8RM, EV 103.8 MPH)
|
| Top of the 4th over - 0 runs, 0 hits, 0 errors, 0 left on base; Scranton WB 0 - Nashville 0 |
| BOTTOM OF THE 4TH |
|
Nashville Sounds batting - Pitching for Scranton WB RailRiders : RHP Jason Sterner
|
|
Batting: LHB Tomas Segarra
|
0-0: Called Strike 0-1: Swinging Strike 0-2: Ball 1-2: Strikes out swinging
|
|
Batting: RHB Tim Cordle
|
0-0: Called Strike 0-1: Ball 1-1: Foul Ball, location: 2F 1-2: Ball 2-2: Strikes out looking
|
|
Batting: RHB David Herrera
|
0-0: Ball 1-0: TRIPLE (Line Drive, 9LD, EV 101.9 MPH)
|
|
Batting: LHB Gregg Power
|
0-0: Ground out 4-3 (Groundball, 4, EV 83.8 MPH)
|
| Bottom of the 4th over - 0 runs, 1 hit, 0 errors, 1 left on base; Scranton WB 0 - Nashville 0 |
| TOP OF THE 5TH |
|
Scranton WB RailRiders batting - Pitching for Nashville Sounds : RHP Victor Sanchez
|
|
Batting: LHB Jose Lebron
|
0-0: Ball 1-0: Ground out 4-3 (Groundball, 4, EV 85.0 MPH)
|
|
Batting: SHB Jose Vargas
|
0-0: Called Strike 0-1: Foul Ball, location: 2F 0-2: Ball 1-2: Strikes out swinging
|
|
Batting: RHB Alfredo Rodriguez
|
0-0: Ground out 5-3 (Groundball, 56, EV 84.4 MPH)
|
| Top of the 5th over - 0 runs, 0 hits, 0 errors, 0 left on base; Scranton WB 0 - Nashville 0 |
| BOTTOM OF THE 5TH |
|
Nashville Sounds batting - Pitching for Scranton WB RailRiders : RHP Jason Sterner
|
|
Batting: LHB Al Hernandez
|
0-0: Called Strike 0-1: Ball 1-1: Ball 2-1: Ball 3-1: Ground out U3 (Groundball, 34, EV 87.5 MPH)
|
|
Batting: RHB Wade Diamond
|
0-0: Ball 1-0: Called Strike 1-1: Swinging Strike 1-2: Strikes out looking
|
|
Batting: RHB Yonetoshi Muranaka
|
0-0: Ball 1-0: Ball 2-0: Called Strike 2-1: Ground out 5-3 (Groundball, 56, EV 106.9 MPH)
|
| Bottom of the 5th over - 0 runs, 0 hits, 0 errors, 0 left on base; Scranton WB 0 - Nashville 0 |
| TOP OF THE 6TH |
|
Scranton WB RailRiders batting - Pitching for Nashville Sounds : RHP Victor Sanchez
|
|
Batting: RHB Josh Zoglmann
|
0-0: SINGLE (Groundball, 4M, EV 104.4 MPH) (infield hit)
|
|
Batting: SHB Jay Gagnon
|
0-0: Ball 1-0: Called Strike 1-1: Grounds out, U3 (Groundball, 3L, EV 85.0 MPH)
|
|
Batting: RHB Andy Wasierski
|
0-0: Called Strike 0-1: Ball Josh Zoglmann steals 3rd base 1-1: Ball 2-1: Called Strike 2-2: SINGLE (Groundball, 34D, EV 106.9 MPH) Josh Zoglmann scores
|
|
Batting: SHB Victor Ruiz
|
0-0: SINGLE (Flyball, 3D, EV 90.0 MPH) Andy Wasierski to second Andy Wasierski to third
|
|
Batting: SHB Ryan Buchbinder
|
0-0: Called Strike 0-1: Fly out, F7 (Flyball, 7, EV 72.5 MPH) Runner from 3rd tags up, SCORES, throw by LF
|
|
Batting: LHB Aaron Joyner
|
0-0: Ball 1-0: Ball 2-0: Ground out 4-3 (Groundball, 34, EV 105.0 MPH)
|
| Top of the 6th over - 2 runs, 3 hits, 0 errors, 1 left on base; Scranton WB 2 - Nashville 0 |
| BOTTOM OF THE 6TH |
|
Nashville Sounds batting - Pitching for Scranton WB RailRiders : RHP Jason Sterner
|
|
Batting: RHB Tony Crespo
|
0-0: Swinging Strike 0-1: Foul Ball, location: 2F 0-2: Ball 1-2: Ground out 6-3 (Groundball, P, EV 89.4 MPH)
|
|
Batting: SHB Robert Santiago
|
0-0: Ball 1-0: Called Strike 1-1: Ground out 4-3 (Groundball, 4, EV 91.9 MPH)
|
|
Batting: LHB Tomas Segarra
|
0-0: Ball 1-0: DOUBLE (Line Drive, 78D, EV 104.4 MPH)
|
|
Batting: RHB Tim Cordle
|
0-0: Called Strike 0-1: DOUBLE (Line Drive, 78D, EV 104.4 MPH) Tomas Segarra scores
|
|
Batting: RHB David Herrera
|
0-0: Called Strike 0-1: Called Strike 0-2: Ball 1-2: Ball 2-2: Strikes out swinging
|
| Bottom of the 6th over - 1 run, 2 hits, 0 errors, 1 left on base; Scranton WB 2 - Nashville 1 |
| TOP OF THE 7TH |
|
Scranton WB RailRiders batting - Pitching for Nashville Sounds : RHP Victor Sanchez
|
|
Batting: LHB Jose Lebron
|
0-0: Called Strike 0-1: Swinging Strike 0-2: Strikes out swinging
|
|
Batting: SHB Jose Vargas
|
0-0: Ball 1-0: Ball 2-0: Ground out 5-3 (Groundball, 15, EV 83.8 MPH)
|
|
Batting: RHB Alfredo Rodriguez
|
0-0: Fly out, F7 (Flyball, 7D, EV 108.1 MPH)
|
| Top of the 7th over - 0 runs, 0 hits, 0 errors, 0 left on base; Scranton WB 2 - Nashville 1 |
| BOTTOM OF THE 7TH |
|
Nashville Sounds batting - Pitching for Scranton WB RailRiders : RHP Jason Sterner
|
|
Batting: LHB Gregg Power
|
0-0: Foul Ball, location: 2F 0-1: Ball 1-1: SINGLE (Flyball, 78S, EV 93.8 MPH)
|
|
Batting: LHB Al Hernandez
|
0-0: Called Strike 0-1: Called Strike 0-2: Foul Ball, location: 2F 0-2: Ball 1-2: Ball 2-2: Strikes out swinging
|
|
Pinch Hitting: LHB Ben Goldstein
|
0-0: Grounds into double play, 5-4-3 (Groundball, 56, EV 105.6 MPH)
|
| Bottom of the 7th over - 0 runs, 1 hit, 0 errors, 0 left on base; Scranton WB 2 - Nashville 1 |
| TOP OF THE 8TH |
|
Scranton WB RailRiders batting - Pitching for Nashville Sounds : RHP Victor Sanchez
|
|
Pitching: RHP Ricky Lopez
|
|
|
Now in RF: Ben Goldstein
|
|
|
Batting: RHB Josh Zoglmann
|
0-0: Foul Ball, location: 2F 0-1: Ground out 6-3 (Groundball, 6, EV 100.0 MPH)
|
|
Batting: SHB Jay Gagnon
|
0-0: Ground out U3 (Groundball, 34S, EV 78.1 MPH)
|
|
Batting: RHB Andy Wasierski
|
0-0: Ball 1-0: Called Strike 1-1: Foul Ball, location: 2F 1-2: Ground out 4-3 (Groundball, 4S, EV 68.1 MPH)
|
| Top of the 8th over - 0 runs, 0 hits, 0 errors, 0 left on base; Scranton WB 2 - Nashville 1 |
| BOTTOM OF THE 8TH |
|
Nashville Sounds batting - Pitching for Scranton WB RailRiders : RHP Jason Sterner
|
|
Batting: RHB Yonetoshi Muranaka
|
0-0: Foul Ball, location: 2F 0-1: Called Strike 0-2: Ball 1-2: Ground out 6-3 (Groundball, 6D, EV 79.4 MPH)
|
|
Pinch Hitting: LHB Zachary DeLuca
|
0-0: Ball 1-0: Swinging Strike 1-1: Fly out, F7 (Flyball, 78M, EV 83.8 MPH)
|
|
Batting: SHB Robert Santiago
|
0-0: Ball 1-0: Called Strike 1-1: Ball 2-1: Foul Ball, location: 2F 2-2: Strikes out looking
|
| Bottom of the 8th over - 0 runs, 0 hits, 0 errors, 0 left on base; Scranton WB 2 - Nashville 1 |
| TOP OF THE 9TH |
|
Scranton WB RailRiders batting - Pitching for Nashville Sounds : RHP Ricky Lopez
|
|
Now in LF: Ruben Garza
|
|
|
Batting: SHB Victor Ruiz
|
0-0: Ball 1-0: Called Strike 1-1: Foul Ball, location: 2F 1-2: Ball 2-2: Ball 3-2: Base on Balls
|
|
Batting: SHB Ryan Buchbinder
|
0-0: Ball 1-0: Called Strike 1-1: Ball 2-1: Swinging Strike 2-2: Foul Ball, location: 2F 2-2: Strikes out swinging
|
|
Batting: LHB Aaron Joyner
|
0-0: Ball 1-0: Ball 2-0: Ball 3-0: Called Strike 3-1: Fly out, F3 (Line Drive, 3, EV 71.2 MPH) Lined into DP, U3 (Line Drive, 3, EV 68.8 MPH)
|
| Top of the 9th over - 0 runs, 0 hits, 0 errors, 0 left on base; Scranton WB 2 - Nashville 1 |
| BOTTOM OF THE 9TH |
|
Nashville Sounds batting - Pitching for Scranton WB RailRiders : RHP Jason Sterner
|
|
Pitching: RHP Ricky Mercer
|
|
|
Now in LF: Victor Ruiz
|
|
|
Now in RF: Mike Plugge
|
|
|
Batting: LHB Tomas Segarra
|
0-0: Fly out, F8 (Flyball, 8LXD, EV 81.9 MPH)
|
|
Batting: RHB Tim Cordle
|
0-0: Called Strike 0-1: Foul Ball, location: 2F 0-2: Strikes out looking
|
|
Batting: RHB David Herrera
|
0-0: Ball 1-0: Ball 2-0: SINGLE (Groundball, 56D, EV 95.0 MPH)
|
|
Batting: LHB Gregg Power
|
0-0: Foul Ball, location: 2F 0-1: Foul Ball, location: 2F 0-2: SINGLE (Groundball, 4D, EV 94.4 MPH) David Herrera to second Runner from 2nd tries for 3rd, SAFE, throw by RF made to third
|
|
Batting: LHB Al Hernandez
|
0-0: Foul Ball, location: 2F 0-1: Swinging Strike 0-2: Ball 1-2: Ball 2-2: Strikes out swinging
|
| Bottom of the 9th over - 0 runs, 2 hits, 0 errors, 2 left on base; Scranton WB 2 - Nashville 1 |
|